 Seeded DCSS version 0.30.0-19-g36f170ea60 (webtiles) character file.

Game seed: 5 (custom seed)

53 Kazon the Conjurer (level 3, 0/26 HPs)
             Began as a Draconian Conjurer on May 29, 2023.
             Slain by a worm (3 damage)
             ... on level 2 of the Dungeon.
             The game lasted 00:06:54 (1002 turns).

Kazon the Conjurer (Draconian Conjurer)             Turns: 1002, Time: 00:06:55

Health: 0/26       AC:  5    Str: 11    XL:     3   Next: 64%
Magic:  1/6        EV: 12    Int: 18    God:
Gold:   78         SH:  0    Dex: 14    Spells: 3/6 levels left

rFire   . . .        b - staff of conjuration "Paej" {Dex+5}
rCold   . . .        (no shield)
rNeg    . . .        (body armour unavailable)
rPois   .            (helmet restricted)
rElec   .            (no cloak)
rCorr   .            (no gloves)
SInv    .            (no boots)
Will    .....        (no amulet)
Stlth   ++           (no ring)
HPRegen 0.24/turn    (no ring)
MPRegen 0.10/turn

%: no passive effects
@: no status effects
A: AC +5, unfitting armour, cold-blooded
a: no special abilities


You were on level 2 of the Dungeon.
You visited 1 branch of the dungeon, and saw 2 of its levels.

You collected 78 gold pieces.

Inventory:

Hand Weapons
 h - a +0 long sword
Missiles
 c - 3 boomerangs
 i - 2 stones
Armour
 f - a +0 tower shield
Magical Staves
 b - the staff of conjuration "Paej" (weapon) {Dex+5}
   (You acquired it on level 1 of the Dungeon)

   [staff of conjuration]

   Base accuracy: +5 Base damage: 5 Base attack delay: 1.2 This weapon's minimum
   attack delay (0.6) is reached at skill level 12.
   Dex:       It affects your dexterity (+5).
   It falls into the 'Staves' category.
   It is a one-handed weapon.
Scrolls
 e - a scroll of vulnerability {unknown}
 j - a scroll of fog {unknown}
 k - a scroll of blinking {unknown}
Potions
 a - 2 potions of magic
 d - 2 potions of curing {unknown}
 g - a potion of resistance {unknown}


   Skills:
 + Level 0.3 Staves
 + Level 2.2 Dodging
 + Level 2.0 Stealth
 + Level 2.2 Spellcasting
 + Level 4.4 Conjurations
 * Level 1.6 Evocations


You had 3 spell levels left.
You knew the following spells:

 Your Spells              Type           Power      Damage    Failure   Level
a - Magic Dart            Conj           100%       1d8       2%          1
b - Searing Ray           Conj           54%        2d6       4%          2

Your spell library contained the following spells:

 Spells                   Type           Power      Damage    Failure   Level
 Dazzling Flash           Conj/Hex       30%        N/A       22%         3
 Fulminant Prism          Conj/Hex       7%         3d6       56%         4
 Iskenderun's Mystic Bla  Conj/Tloc      15%        2d5       56%         4


Dungeon Overview and Level Annotations

Branches:
Dungeon (2/15)

Altars:


Innate Abilities, Weirdness & Mutations

Your plain brown scales are hard. (AC +5)
You cannot fit into any form of body armour.
You are cold-blooded and may be slowed by cold attacks.


Message History

The worm is moderately wounded.
Unknown command.
You hit the worm but do no damage.
Your tail-slap misses the worm.
The worm is lightly wounded.
The worm bites you but does no damage.
You hit the worm but do no damage. You tail-slap the worm.
The worm is moderately wounded.
You hit the worm.
The worm is heavily wounded.
The worm barely misses you.
You completely miss the worm.
The worm is moderately wounded.
The worm barely misses you.
You barely miss the worm. You tail-slap the worm.
The worm is moderately wounded.
You barely miss the worm.
The worm is moderately wounded.
The worm bites you.
You hit the worm.
You tail-slap the worm, but do no damage.
The worm is heavily wounded.
The worm bites you.
You barely miss the worm. You tail-slap the worm.
The worm is severely wounded.
The worm bites you!
You hit the worm.
The worm is almost dead.
You hit the worm but do no damage.
The worm is almost dead.
The worm bites you!
* * * LOW HITPOINT WARNING * * *
You hit the worm.
The worm is almost dead.
The worm barely misses you.
You hit the worm but do no damage. You tail-slap the worm.
The worm is almost dead.
You barely miss the worm.
The worm is almost dead.
The worm bites you.
You die...

..## #.... ### .... ..#
##..# . # #.# ##...# .
..#.###.# #....# .
##......########.#..## ##.
.........w@..........####..
##.....##.............##...
+..... #..................
#..... #..................
##+### #...........#......
...#########)#####.. #####
#..)<...# ####†....
#.....##


You could see a worm.

Vanquished Creatures
  An adder (D:2)
  2 bats (D:1)
  5 endoplasms (D:1)
  A giant cockroach (D:1)
  6 goblins
  2 hobgoblins
  11 jackals
  2 kobolds
  3 ball pythons
  2 frilled lizards
  A rat (D:1)
36 creatures vanquished.

Notes
Turn   | Place    | Note
-------+----------+-------------------------------------------
     0 | D:1      | Kazon the Draconian Conjurer began the quest for the Orb.
     0 | D:1      | Reached XP level 1. HP: 14/14 MP: 3/3
    94 | D:1      | Identified a scroll of acquirement
    94 | D:1      | Acquired the staff of conjuration "Paej" {Dex+5}
   164 | D:1      | Reached XP level 2. HP: 20/20 MP: 1/5
   386 | D:1      | Learned a level 2 spell: Searing Ray
   706 | D:1      | Reached XP level 3. HP: 26/26 MP: 3/6
   911 | D:2      | Reached skill level 1 in Evocations
  1002 | D:2      | Slain by a worm

Illustrated notes

Levels and vault maps discovered:
D:1:      ebering_trefoil_3fold, layout_basic, st_stairs_14, serial_bayou_ford_a
D:2:      layout_basic, hangedman_decor_growths, minmay_close_crescents

Skill      XL: |  1  2  3 |
---------------+----------+-----
Dodging        | 2 |  2.2
Stealth        | 2 |  2.0
Evocations     | 1 |  1.6
Staves         | |  0.3
Spellcasting   | |  2.2
Conjurations   | |  4.4

Action                     || total
---------------------------++-------
  Melee: Unarmed           ||    62
         Tailslap          ||    16
         Staff             ||    62
         Punch             ||     1
   Cast: Magic Dart        ||    39
         Searing Ray       ||     1
    Use: Scroll            ||     1
   Stab: Sleeping          ||     2
 Armour: Skin              ||    44
  Dodge: Dodged            ||    98
